 Dungeon Crawl Stone Soup version 0.27-a0-1200-g94dc6ad4cf (webtiles) character file.

Game seed: 6797521901665485621

39 robertstho the Chiller (level 3, -3/26 HPs)
             Began as a Ghoul Ice Elementalist on June 1, 2021.
             Slain by a gnoll
             ... wielding a +0 club
              (6 damage)
             ... on level 4 of the Dungeon.
             The game lasted 00:03:24 (2011 turns).

robertstho the Chiller (Ghoul Ice Elementalist)     Turns: 2011, Time: 00:03:25

Health: -3/26      AC:  2    Str: 11    XL:     3   Next: 45%
Magic:  5/5        EV: 12    Int: 11    God:
Gold:   99         SH:  0    Dex:  9    Spells: 5/6 levels left

rFire    . . .     SeeInvis .   (no weapon)
rCold    + . .     Faith    .   (no shield)
rNeg     + + +     Spirit   .   a - +0 robe
rPois    ∞         Reflect  .   (no helmet)
rElec    .         Harm     .   (no cloak)
rCorr    .         Rampage  .   (no gloves)
Will     .....                  (no boots)
Stlth    ++........             (no amulet)
HPRegen  0.00/turn              (no ring)
MPRegen  0.09/turn              (no ring)

@: no status effects
A: claws 1, cold resistance 1, negative energy resistance 3, inhibited
regeneration, torment resistance 2
a: no special abilities


You were on level 4 of the Dungeon.
You visited 1 branch of the dungeon, and saw 4 of its levels.

You collected 99 gold pieces.

Inventory:

Armour
 a - a +0 robe (worn)
Scrolls
 e - a scroll of noise


   Skills:
 + Level 0.2 Fighting
 + Level 2.0 Dodging
 + Level 2.2 Stealth
 + Level 0.5 Unarmed Combat
 * Level 2.2 Spellcasting
 * Level 5.0 Ice Magic


You had 5 spell levels left.
You knew the following spells:

 Your Spells              Type           Power      Damage    Failure   Level
a - Freeze                Ice            48%        1d7       3%          1

Your spell library contained the following spells:

 Spells                   Type           Power      Damage    Failure   Level
 Frozen Ramparts          Ice            24%        1d4       11%         3
 Ozocubu's Armour         Ice            12%        N/A       11%         3
 Hailstorm                Conj/Ice       6%         3d4       69%         4
 Metabolic Englaciation   Hex/Ice        3%         N/A       95%         5


Dungeon Overview and Level Annotations

Branches:
Dungeon (4/15)
 Temple: D:4-7

Altars:
Cheibriados

Annotations:
D:3 Sigmund
D:4 Dowan, Duvessa


Innate Abilities, Weirdness & Mutations

You thrive by killing the living.
You are immune to poison.
You have sharp fingernails.
Your flesh is cold resistant. (rC+)
You are immune to negative energy. (rN+++)
You do not regenerate when monsters are visible.
You are immune to unholy pain and torment.


Message History

The bat hits you.
* * * LOW HITPOINT WARNING * * *
The bat hits you.
* * * LOW HITPOINT WARNING * * *
The bat hits you but does no damage. The bat barely misses you.
There is a stone staircase leading down here.
You fly downwards.
You hear the sound of rushing water.
There is an entrance to a sewer on this level.
Hurry and find it before the portal rusts away!
A gnoll comes into view. It is wielding a +0 club.
Found 9 gold pieces.
There is a stone staircase leading up here.
The gnoll shouts!
You hear a shout!
A gnoll shaman comes into view. It is wielding a +0 whip.
The gnoll shaman moves out of view.
You see here 9 gold pieces.
You now have 99 gold pieces (gained 9).
Found 11 gold pieces.
You are starting to lose your buoyancy.
You float gracefully downwards.
Duvessa, Sister of Dowan comes into view.
She is wielding a +0 short sword.
Found an escape hatch in the floor.
An endoplasm and a kobold come into view.
The kobold is wielding a +0 dagger and quivering poisoned darts.
The kobold shouts!
The endoplasm quivers.
Duvessa shouts!
The kobold moves out of view.
Dowan, Brother of Duvessa comes into view.
He is wielding a +0 dagger.
Dowan shouts!
The kobold throws a poisoned dart.
The poisoned dart hits you!
Duvessa drinks a potion.
Duvessa seems to speed up.
Found a stone staircase leading down.
As you read the scroll labelled ENNYNA HERE, it crumbles to dust.
It is a scroll of identify.
e - a scroll of noise The endoplasm closely misses you.
The gnoll hits you with a +0 club.
You die...

.. #.#.##
#..
##.###.##
####...#.g.#
......#.#..#
......#.#..#
....>.#.#..#
####..#.#..#
#.g.....# #
#@##.####.##
#.##.#......
#J##.e..#.#
#.K.e.....#
######..###
....> #####


You could see a gnoll, an endoplasm and a kobold.

Vanquished Creatures
  3 orcs (D:3)
  2 endoplasms
  2 giant cockroaches (D:1)
  5 goblins
  4 hobgoblins
  2 kobolds
  A quokka (D:1)
  3 ball pythons
  3 bats
  5 frilled lizards
  3 rats
33 creatures vanquished.

Vanquished Creatures (others)
  2 plants (D:3)
2 creatures vanquished.

Grand Total: 35 creatures vanquished

Notes
Turn   | Place    | Note
-------+----------+-------------------------------------------
     0 | D:1      | robertstho the Ghoul Ice Elementalist began the quest for
                  | the Orb.
     0 | D:1      | Reached XP level 1. HP: 14/14 MP: 2/2
   131 | D:1      | Reached XP level 2. HP: 15/20 MP: 4/4
   402 | D:1      | Found a faded altar of an unknown god.
  1205 | D:2      | Found a snail-covered altar of Cheibriados.
  1707 | D:3      | Reached XP level 3. HP: 17/26 MP: 3/5
  1709 | D:3      | Reached skill level 5 in Ice Magic
  1948 | D:3      | Noticed Sigmund
  2003 | D:4      | Noticed Duvessa
  2005 | D:4      | Noticed Dowan
  2011 | D:4      | Slain by a gnoll

Illustrated notes

Levels and vault maps discovered:
D:1:      wander_arrival_desolate, layout_rooms,
          hellmonk_ecumenical_altar_inner_sanctum, glass_columns_b
D:2:      layout_loops_ring, basic_altar
D:3:      layout_basic, yredelemnul_forgotten_temple_becter,
          nicolae_uskayaw_murder_on_the_dancefloor, guppyfry_early_lair_pool,
          uniq_sigmund
D:4:      layout_loops_cross, cheibrodos_sewer_entry_sluice,
          chequers_serial_rivers_room_a, uniq_duvessa

Skill      XL: |  1  2  3 |
---------------+----------+-----
Spellcasting   | 2 |  2.2
Dodging        | 2 |  2.0
Ice Magic      | 5 |  5.0
Fighting       | |  0.2
Stealth        | |  2.2
Unarmed Combat | |  0.5

Action                   || total
-------------------------++-------
Melee: Unarmed           ||    84
 Cast: Freeze            ||    26
  Use: Potion            ||     3
       Scroll            ||     1
 Stab: Sleeping          ||     3
Armor: Robe              ||    41
Dodge: Dodged            ||    88

Table legend: (Time is in decaauts)
 A = Elapsed time spent in this place.
 B = Non-inter-level travel time spent in this place.
 C = Inter-level travel time spent in this place.
 D = Time resting spent in this place.
 E = Time spent auto-exploring this place.
 F = Levels seen in this place.
 G = Mean time per level.
                   A        B        C        D        E       F      G
               +--------+--------+--------+--------+--------+-----+--------+
         Total |   2012 |   1907 |    105 |    530 |   1040 |   4 |  503.0 |
       Dungeon |   2012 |   1907 |    105 |    530 |   1040 |   4 |  503.0 |
               +--------+--------+--------+--------+--------+-----+--------+

Top non-repeatable levels by time:
     D:1: 1330 daAuts
     D:2: 369 daAuts
     D:3: 285 daAuts
     D:4: 26 daAuts
